 Dungeon Crawl Stone Soup version 0.20-a0-1122-gb7cbeb9 (webtiles) character file.

7725 anfisbena the Carver (level 11, -3/63 HPs)
             Began as a Vine Stalker Fighter on May 14, 2017.
             Was a Follower of Uskayaw.
             Killed from afar by an efreet (18 damage)
             ... with a bolt of fire
             ... on level 10 of the Dungeon.
             The game lasted 00:12:17 (9543 turns).

anfisbena the Carver (Vine Stalker Fighter)         Turns: 9543, Time: 00:12:19

Health: -3/63      AC:  5    Str: 26    XL:     11   Next: 19%
Magic:  0/12       EV:  8    Int: 10    God:    Uskayaw [*.....]
Gold:   605        SH: 17    Dex: 18    Spells: 10/10 levels left

rFire    . . .     SeeInvis .   a - +0 long sword
rCold    . . .     Gourm    .   c - +0 shield
rNeg     . . .     Faith    .   p - +0 scale mail
rPois    .         Spirit   +   (no helmet)
rElec    .         Reflect  +   e - scarf {cloud immunity}
rCorr    .         Harm     .   v - +0 pair of gloves
MR       +....     Clarity  +   k - +0 pair of boots
Stlth    ..........             q - +6 amulet of reflection
Regen    0.6/turn               n - +4 ring of dexterity
MPRegen  0.2/turn               d - +4 ring of strength

@: no status effects
A: fangs 3, clarity, clever 1, clumsy 1, deformed body, regeneration 1, strong
1, magic shield, antimagic bite, no potion heal 3, rot immunity
a: Stomp, Renounce Religion


You were on level 10 of the Dungeon.
You worshipped Uskayaw.
Uskayaw was noncommittal.
You were hungry.

You visited 2 branches of the dungeon, and saw 11 of its levels.
You also visited: Sewer.

You collected 605 gold pieces.

Inventory:

Hand Weapons
 a - a +0 long sword (weapon)
 b - a +1 dagger of venom
Armour
 c - a +0 shield (worn)
 e - a scarf of cloud immunity (worn)
 k - a +0 pair of boots (worn)
 p - a +0 scale mail (worn)
 v - a +0 pair of gloves (worn)
Jewellery
 d - a +4 ring of strength (right hand)
 n - a +4 ring of dexterity (left hand)
 q - a +6 amulet of reflection (around neck)
 y - an uncursed ring of protection from cold
Wands
 z - a wand of polymorph (9/24)
 F - a wand of acid (7/15)
 G - a wand of paralysis (2/24)
 I - a wand of enslavement (14/24)
Scrolls
 i - 4 scrolls of remove curse
 s - a scroll of random uselessness {unknown}
 t - a scroll of fear
 u - 2 scrolls of enchant weapon
 w - 2 scrolls of enchant armour {unknown}
 x - 8 scrolls of teleportation
 A - a scroll of brand weapon {unknown}
 D - 2 scrolls of fog
 E - 7 scrolls of identify
Potions
 g - 4 potions of curing
 l - 4 potions of haste
 m - 2 potions of magic
 r - a potion of flight
 B - 3 potions of lignification
 C - a potion of ambrosia
Comestibles
 f - 18 bread rations
 h - 4 fruits
 j - 8 meat rations
 o - 4 royal jellies


   Skills:
 - Level 10.0 Fighting
 + Level 11.0 Long Blades
 - Level 2.4 Armour
 + Level 6.2 Shields


You had 10 spell levels left.
You didn't know any spells.

Dungeon Overview and Level Annotations

Branches:
Dungeon (10/15)            Temple (1/1) D:4
   Lair: D:8-11         Orc: D:9-12

Altars:
Ashenzari
Cheibriados
Dithmenos
Elyvilon
Fedhas
Gozag
Hepliaklqana
Kikubaaqudgha
Makhleb
Nemelex Xobeh
Okawaru
Qazlal
Ru
Sif Muna
Trog
Uskayaw
Vehumet
Wu Jian
Xom
Yredelemnul
Zin
The Shining One

Shops:
D:6 [


Innate Abilities, Weirdness & Mutations

You have razor-sharp teeth.
Your natural rate of healing is unusually fast.
When hurt, damage is shared between your health and your magic reserves.
Your bite disrupts and absorbs the magic of your enemies.
Potions cannot restore your health.
You are immune to rotting.
You possess an exceptional clarity of mind.
Your mind is acute. (Int +2)
You are clumsy. (Dex -2)
Armour fits poorly on your strangely shaped body.
Your muscles are strong. (Str +2)


Message History

The orc priest shouts!
Found 2 fruits.
You see here 10 gold pieces.
There are monsters nearby!
The orc priest mumbles some strange prayers to Beogh against you.
Beogh smites you! The efreet gestures at you. The bolt of fire hits you!
You are too injured to fight recklessly!
An orc wizard comes into view. It is wielding a dagger.
You see here 10 gold pieces.
The efreet gestures at you. The bolt of fire hits you!
* * * LOW HITPOINT WARNING * * *
As you read the scroll of fear, it crumbles to dust.
You assume a fearsome visage.
The orc priest looks frightened!
The efreet is unaffected.
The efreet gestures at you. The bolt of fire hits you!
You die...

#.<....#.....
#......#.... #......#...
.....o. #......#..#
....%.# #......#..#
....... .#####'##..#
....... ............#
.......
............#####......#
.....<......@..$......#
.....#####...........##
..... #.........### ....
#............ ....
#........R§..#
#....[.....§.#
#...........§#
.............§.
.##########..#.


You could see an efreet.

Vanquished Creatures
  A two-headed ogre (D:8)
  The ghost of Graouh the Basher, a novice MiFi of Okawaru (D:8)
  The ghost of anfisbena the Skirmisher, a novice VSFi (D:5)
  A troll (D:9)
  A hippogriff (D:7)
  The ghost of anfisbena the Skirmisher, an amateur VSFi of Uskayaw (D:4)
  4 yaks (D:9)
  A hungry ghost (D:7)
  3 orc warriors
  A hornet zombie (D:9)
  A sky beast (D:9)
  A necrophage (D:8)
  4 phantoms
  2 black bears
  8 ogres
  3 centaurs
  A big kobold (Sewer)
  7 bullfrogs
  A gnoll sergeant (D:9)
  3 scorpions
  8 crimson imps
  A bullfrog zombie (D:5)
  A jelly (D:9)
  A quasit (D:6)
  8 hounds
  7 orc priests
  2 bullfrog skeletons (D:9)
  2 centaur skeletons
  2 iguanas
  8 orc wizards
  7 worker ants
  Natasha (thrice) (D:4)
  A worker ant zombie (D:6)
  5 adders
  13 gnolls
  An ooze (D:3)
  2 adder zombies
  An adder skeleton (D:5)
  2 worms
  4 leopard geckos
  34 orcs
  5 giant cockroaches
  7 goblins
  10 hobgoblins
  17 jackals
  14 kobolds
  3 quokkas
  A ball python (D:2)
  4 bats
  6 frilled lizards
  2 quokka zombies (D:5)
  9 rats
  A spectral orc (D:9)
238 creatures vanquished.

Vanquished Creatures (others)
  6 centaurs (D:7)
6 creatures vanquished.

Grand Total: 244 creatures vanquished

Notes
Turn   | Place    | Note
-------+----------+-------------------------------------------
     0 | D:1      | anfisbena the Vine Stalker Fighter began the quest for the Orb.
     0 | D:1      | Reached XP level 1. HP: 11/11 MP: 2/2
   308 | D:1      | Reached skill level 2 in Long Blades
   377 | D:1      | Reached XP level 2. HP: 10/16 MP: 3/3
  1534 | D:2      | Reached XP level 3. HP: 20/20 MP: 4/4
  2113 | D:2      | Gained mutation: Your natural rate of healing is unusually fast. [Vine Stalker growth]
  2113 | D:2      | Reached XP level 4. HP: 19/25 MP: 5/5
  2370 | D:3      | Reached skill level 3 in Long Blades
  2577 | D:3      | Found an iron altar of Okawaru.
  2887 | D:2      | Reached XP level 5. HP: 17/29 MP: 6/6
  3062 | D:4      | Noticed anfisbena's ghost (amateur VSFi)
  3068 | D:4      | Killed anfisbena's ghost
  3068 | D:4      | Reached skill level 4 in Long Blades
  3068 | D:4      | Reached XP level 6. HP: 30/35 MP: 7/7
  3096 | D:4      | Noticed Natasha
  3098 | D:4      | Reached skill level 5 in Fighting
  3108 | D:4      | Killed Natasha
  3183 | D:4      | Noticed Natasha
  3192 | D:4      | Killed Natasha
  3229 | D:4      | Reached XP level 7. HP: 35/39 MP: 6/8
  3244 | D:4      | Noticed Natasha
  3248 | D:4      | Killed Natasha
  3341 | D:4      | Reached skill level 5 in Long Blades
  3730 | D:4      | Found a staircase to the Ecumenical Temple.
  3760 | Temple   | Entered the Ecumenical Temple
  4007 | D:5      | Entered Level 5 of the Dungeon
  4128 | D:5      | Noticed anfisbena's ghost (novice VSFi)
  4143 | D:5      | Killed anfisbena's ghost
  4143 | D:5      | Reached skill level 6 in Long Blades
  4143 | D:5      | Gained mutation: You have razor-sharp teeth. [Vine Stalker growth]
  4143 | D:5      | Reached XP level 8. HP: 11/45 MP: 4/9
  4502 | D:5      | Found a glowing drain.
  4570 | Sewer    | Entered a sewer
  4667 | Sewer    | Found a white marble altar of Elyvilon.
  5118 | D:6      | Reached skill level 7 in Long Blades
  5307 | D:6      | Reached XP level 9. HP: 45/51 MP: 8/10
  5402 | D:6      | Found a white marble altar of Elyvilon.
  5516 | D:6      | Found Umpeidit's Antique Armour Shop.
  5819 | D:7      | Reached skill level 8 in Long Blades
  6346 | D:7      | Reached skill level 9 in Long Blades
  6444 | D:7      | Reached XP level 10. HP: 58/58 MP: 11/11
  6727 | D:7      | Found an ancient bone altar of Kikubaaqudgha.
  7015 | D:8      | Noticed a two-headed ogre
  7021 | D:8      | Killed a two-headed ogre
  7144 | D:8      | Reached skill level 10 in Fighting
  7385 | D:8      | Gained mutation: Armour fits poorly on your strangely shaped body. [mutagenic meat]
  7386 | D:8      | Gained mutation: You possess an exceptional clarity of mind. [mutagenic meat]
  7387 | D:8      | Gained mutation: Your muscles are strong. (Str +2) [mutagenic meat]
  7388 | D:8      | Gained mutation: You are clumsy. (Dex -2) [mutagenic meat]
  7389 | D:8      | Gained mutation: Your mind is acute. (Int +2) [mutagenic meat]
  7514 | D:8      | Found a hide-covered altar of Uskayaw.
  7523 | D:8      | Became a worshipper of Uskayaw the Reveler
  7749 | D:8      | Reached * piety under Uskayaw
  7752 | D:8      | Reached ** piety under Uskayaw
  7781 | D:8      | Reached skill level 10 in Long Blades
  7785 | D:8      | Noticed Graouh's ghost (novice MiFi)
  7790 | D:8      | Reached *** piety under Uskayaw
  7792 | D:8      | Reached **** piety under Uskayaw
  7799 | D:8      | Reached ***** piety under Uskayaw
  7801 | D:8      | Killed Graouh's ghost
  8380 | D:8      | Reached skill level 5 in Shields
  8610 | D:9      | Found a shimmering altar of Xom.
  8782 | D:9      | Reached XP level 11. HP: 63/63 MP: 12/12
  8804 | D:9      | Found a bloodstained altar of Trog.
  9081 | D:9      | Reached skill level 11 in Long Blades
  9236 | D:9      | Found a basalt altar of Yredelemnul.
  9523 | D:10     | Entered Level 10 of the Dungeon
  9543 | D:10     | Killed from afar by an efreet

Vault maps used:
D:1:      sevenhm_arrival_forest_fort_large_1, corexii_corridor_pit
D:3:      overflow_temple_1_default, roderic_lattice_a
D:4:      temple_hall, uniq_natasha
D:5:      kennysheep_six_static_rooms, first_bread, portal_sewer_entry_e
D:6:      kennysheep_little_box, serial_shops, nicolae_shop_behind_doors,
          lightli_orcish_oven
D:7:      kennysheep_mini, centaur_isle
D:8:      eat_drink_and_be_merry_uskayaw, grunt_ogre_cave
D:9:      tgw_xom, yredelemnul_forgotten_temple_becter, minivault_25,
          trog_three_pillars_becter
D:10:     nrook_mini_backslash
Temple:   eino_temple_scatter_basement
Sewer:    sewer_kobolds

Skill      XL: |  1  2  3  4  5  6  7  8  9 10 11 |
---------------+----------------------------------+-----
Fighting       | 3 4 5 6 7 9 10 | 10.0
Long Blades    | 2 3 4 6 7 9 10 11 | 11.0
Shields        | 5 6 |  6.2
Armour         | |  2.4

Action                   |  1- 3 |  4- 6 |  7- 9 | 10-12 || total
-------------------------+-------+-------+-------+-------++-------
Melee: Long sword        |    78 |    86 |   273 |   247 ||   684
       Bite              |    19 |    29 |   122 |   129 ||   299
  Use: Scroll            |     1 |     2 |     8 |     1 ||    12
       Potion            |     4 |     1 |     2 |     2 ||     9
 Stab: Paralysed         |       |       |       |     9 ||     9
  Eat: Chunk             |     4 |     3 |    13 |    14 ||    34
Armor: Scale mail        |    22 |    37 |    96 |    26 ||   181
       Skin              |    12 |       |       |       ||    12
Dodge: Dodged            |    20 |    25 |    50 |    42 ||   137
Block: Shield            |    35 |    43 |   224 |   183 ||   485
       Reflection        |       |       |    31 |     3 ||    34
       Rpst.: Long sword |     7 |     6 |    25 |    10 ||    48
